 Dungeon Crawl Stone Soup version 0.29.1-15-g9cfb28693d (webtiles) character file.

Game seed: 4641968095722728179

46 tizbic2 the Sneak (level 3, -1/33 HPs)
             Began as a Naga Brigand on Apr 18, 2023.
             Frozen to death by an endoplasm (2 damage)
             ... on level 2 of the Dungeon.
             The game lasted 00:04:23 (908 turns).

tizbic2 the Sneak (Naga Brigand)                     Turns: 908, Time: 00:04:24

Health: -1/33      AC:  7    Str: 13    XL:     3   Next: 66%
Magic:  3/3        EV:  1    Int: 11    God:
Gold:   58         SH:  0    Dex: 14    Spells: 2/2 levels left

rFire   + . .      SeeInvis +   a - +2 dagger
rCold   . . .      Faith    .   (no shield)
rNeg    . . .      Spirit   .   l - +0 plate armour
rPois   +          Reflect  .   (no helmet)
rElec   .          Harm     .   c - +0 cloak
rCorr   +          Rampage  .   (no gloves)
Will    .....                   (no barding)
Stlth   ..........              (no amulet)
HPRegen 0.11/turn               i - ring of resist corrosion
MPRegen 0.08/turn               t - ring of protection from fire

@: very slow
A: AC +1, large, see invisible, deformed body, poison resistance, slowness 2,
spit poison 1, naga tail 1
a: Spit Poison


You were on level 2 of the Dungeon.
You visited 1 branch of the dungeon, and saw 2 of its levels.

You collected 58 gold pieces.

Inventory:

Hand Weapons
 a - a +2 dagger (weapon)
Missiles
 d - 14 poisoned darts
 e - 3 curare-tipped darts
 f - 11 stones
Armour
 b - a +0 robe
 c - a +0 cloak (worn)
 l - a +0 plate armour (worn)
Jewellery
 i - a ring of resist corrosion (left hand)
 t - a ring of protection from fire (right hand)
Scrolls
 g - 2 scrolls of teleportation {unknown}
 h - a scroll of poison {unknown}
 k - a scroll of enchant weapon {unknown}
 m - a scroll of brand weapon {unknown}
 o - a scroll of vulnerability {unknown}
 p - 3 scrolls of identify {unknown}
 q - a scroll of amnesia {unknown}
 v - a scroll of enchant armour {unknown}
 w - a scroll of torment {unknown}
Potions
 j - 2 potions of curing {unknown}
 n - a potion of magic {unknown}
 r - a potion of attraction {unknown}
 s - a potion of might {unknown}
 u - a potion of heal wounds {unknown}


   Skills:
 + Level 2.5 Fighting
 + Level 2.5 Short Blades
 - Level 1.7 Throwing
 - Level 0.7 Dodging
 * Level 7.0 Stealth


You had 2 spell levels left.
You didn't know any spells.
Your spell library contained the following spells:

 Spells                   Type           Power      Damage    Failure   Level
 Magic Dart               Conj           0%         1d3       100%        1
 Call Imp                 Summ           0%         N/A       100%        2
 Mephitic Cloud           Conj/Pois/Air  0%         N/A       100%        3
 Summon Lightning Spire   Summ/Air       0%         N/A       100%        4
 Storm Form               Tmut/Air       0%         N/A       100%        7
 Maxwell's Capacitive Co  Air            0%         ∞         100%        8


Dungeon Overview and Level Annotations

Branches:
Dungeon (2/15)

Altars:

Annotations:
D:2 Terence


Innate Abilities, Weirdness & Mutations

Your serpentine skin is tough. (AC +1)
You have supernaturally acute eyesight. (SInv)
Armour fits poorly on your strangely shaped body.
Your system is resistant to poisons. (rPois)
You cover ground very slowly.
You can spit poison.
You have a snake-like lower body.


Message History

You now have 58 gold pieces (gained 9).
There is an open door here.
w - a scroll labelled VALIUPN HERE
There is an open door here.
You open the door.
There is an open door here.
Terence the Incautious comes into view.
He is wielding a +0 trident.
Found a plate armour.
An endoplasm comes into view.
The endoplasm quivers.
Terence says, "Did you write a will?
You should..."
The endoplasm hits you but does no damage.
The endoplasm attacks as you move away! The endoplasm hits you.
Terence hits you but does no damage. The endoplasm attacks as you move away!
The endoplasm hits you but does no damage.
The endoplasm hits you.
Terence hits you from afar with a +0 trident!
Aiming: Spit Poison (2% risk of failure)
Press: ? - help, Q - select action, (/) - cycle Shift-Dir - straight line, f - endoplasm
Aim: an endoplasm (97% to hit)
The splash of poison hits the endoplasm.
The endoplasm completely resists.
The endoplasm freezes you.
You are frozen.
Terence hits you from afar with a +0 trident.
The endoplasm jiggles.
You have got your breath back.
Terence says, "Time to say good-bye..."
The endoplasm freezes you.
You are frozen.
Terence hits you from afar with a +0 trident.
* * * LOW HITPOINT WARNING * * *
The endoplasm attacks as you move away!
The endoplasm hits you but does no damage.
Terence hits you from afar with a +0 trident.
* * * LOW HITPOINT WARNING * * *
The endoplasm freezes you.
You are frozen.
You die...

######## ####......#
#..'......# #
#@##......# #
####J##......##### #
#..@.##......'...# #
#.#####......###.#
#.# #......###.####
#.###########....#...
#.....[.# #.#####.#
#............#
#........
..######......#
#.##.#.##


You could see Terence and an endoplasm.

Vanquished Creatures
  2 adders (D:2)
  A worm (D:2)
  2 bats (D:1)
  2 endoplasms (D:1)
  A giant cockroach (D:1)
  3 hobgoblins (D:1)
  3 kobolds (D:1)
  A quokka (D:1)
  2 ball pythons (D:1)
  3 frilled lizards (D:1)
  A goblin (D:2)
  6 rats (D:1)
27 creatures vanquished.

Notes
Turn   | Place    | Note
-------+----------+-------------------------------------------
     0 | D:1      | tizbic2 the Naga Brigand began the quest for the Orb.
     0 | D:1      | Reached XP level 1. HP: 19/19 MP: 1/1
    83 | D:1      | Reached skill level 6 in Stealth
   137 | D:1      | Reached XP level 2. HP: 26/26 MP: 2/2
   379 | D:1      | Found a faded altar of an unknown god.
   586 | D:2      | Reached XP level 3. HP: 28/33 MP: 3/3
   869 | D:2      | Reached skill level 7 in Stealth
   899 | D:2      | Noticed Terence
   908 | D:2      | HP: 1/33 [Terence/+0 trident (4)]
   908 | D:2      | Frozen to death by an endoplasm

Illustrated notes

Levels and vault maps discovered:
D:1:      eino_arrival_cavern_a, layout_basic,
          hellmonk_ecumenical_altar_lost_god, minmay_close_crescents
D:2:      layout_basic, uniq_terence

Skill      XL: |  1  2  3 |
---------------+----------+-----
Stealth        | 6 7 |  7.0
Fighting       | |  2.5
Short Blades   | |  2.5
Throwing       | |  1.7
Dodging        | |  0.7

Action                   || total
-------------------------++-------
Melee: Dagger            ||    77
       Punch             ||     1
Throw: Dart              ||     1
 Abil: Spit Poison       ||    10
 Stab: Sleeping          ||     1
Armor: Robe              ||     2
       Plate armour      ||    37
Dodge: Dodged            ||     7
